 Dungeon Crawl Stone Soup version 0.28-a0-1387-g3a22ab9bdc (webtiles) character file.

Game seed: 7448965305301479602

71 HallandMoats the Skirmisher (level 4, 0/35 HPs)
             Began as a Demonspawn Fighter on Jan 3, 2022.
             Slain by a jackal (2 damage)
             ... on level 1 of the Dungeon.
             The game lasted 00:01:33 (1809 turns).

HallandMoats the Skirmisher (Demonspawn Fighter)    Turns: 1809, Time: 00:01:33

Health: 0/35       AC:  8    Str: 17    XL:     4   Next: 5%
Magic:  5/5        EV:  9    Int:  9    God:
Gold:   58         SH:  5    Dex: 14    Spells: 3/3 levels left

rFire   . . .      SeeInvis .   a - +0 war axe
rCold   . . .      Faith    .   c - +0 buckler
rNeg    . . .      Spirit   .   b - +0 scale mail
rPois   .          Reflect  .   (no helmet)
rElec   .          Harm     .   (no cloak)
rCorr   .          Rampage  .   (no gloves)
Will    .....                   (no boots)
Stlth   ..........              (no amulet)
HPRegen 0.11/turn               (no ring)
MPRegen 0.09/turn               (no ring)

@: mighty
A: slimy green scales 1, weakness stinger 1
a: no special abilities


You were on level 1 of the Dungeon.
You visited 1 branch of the dungeon, and saw 1 of its levels.

You collected 58 gold pieces.

Inventory:

Hand Weapons
 a - a +0 war axe (weapon)
Armour
 b - a +0 scale mail (worn)
 c - a +0 buckler (worn)
Potions
 d - a potion of might


   Skills:
 + Level 3.3 Fighting
 + Level 2.1 Axes
 + Level 3.1 Armour
 + Level 1.1 Dodging
 + Level 2.9 Shields
 * Level 2.4 Invocations


You had 3 spell levels left.
You didn't know any spells.
Your spell library contained the following spells:

 Spells                   Type           Power      Damage    Failure   Level
 Malign Gateway           Summ/Tloc      0%         N/A       100%        7
 Summon Horrible Things   Summ           0%         N/A       100%        8


Dungeon Overview and Level Annotations

Branches:
Dungeon (1/15)

Altars:


Innate Abilities, Weirdness & Mutations

You are partially covered in slimy green scales. (AC +2)
You have a small tail.


Message History

The rat bites you. You block the jelly's attack.
You slash the jelly!
Your hands burn!
The jelly is almost dead.
You hit the rat.
You kill the rat!
The jelly hits you but does no damage. The jelly hits you.
You are splashed with acid!
* * * LOW HITPOINT WARNING * * *
You slash the jelly!
You kill the jelly!
You block the endoplasm's attack.
Your Dodging skill increases to level 1!
You slash the endoplasm!
You kill the endoplasm!
The endoplasm hits you but does no damage.
You have reached level 4!
You feel stronger.
Your demonic ancestry asserts itself...
You grow a small tail.
You hit the endoplasm.
The endoplasm is almost dead.
The endoplasm barely misses you.
Unknown command.
You slash the endoplasm!
You kill the endoplasm!
You completely miss the endoplasm. You tail-slap the endoplasm.
You kill the endoplasm!
The jackal closely misses you.
You closely miss the jackal. You block the jackal's attack.
The jackal bites you but does no damage.
Your scale mail prevents you from hitting the jackal.
Your tail-slap misses the jackal.
The jackal bites you but does no damage. x2
You closely miss the jackal.
Your tail-slap misses the jackal.
The jackal bites you.
* * * LOW HITPOINT WARNING * * *
You block the jackal's attack.
You closely miss the jackal. The jackal misses you.
The jackal barely misses you. The jackal barely misses you.
The jackal bites you.
You die...

.####
#...............###.#.##.# .#
#.##..#.##............##.## .#
#.##..#.#..............^... ##
#...................#.##.##
#...###'#######'###.####.##
#####...#..⌠...>...⌠..#...)..#
#.......#......<......#..#####
#########.+⌠....###....⌠+..#
...# #.#.....@.†.....#..#
##.######.#######h#######..#
.#.#.##...# ....wJrw... #..#
.#.##.....#.....r.......#.##
.#.###....#.............#.#
.#........###############.#
.#####....................#
.##.#.........##..##.######
#.............##..##.#


You could see 2 worms, an endoplasm, a jackal and 2 rats.

Vanquished Creatures
  A jelly (D:1)
  8 endoplasms (D:1)
  4 giant cockroaches (D:1)
  3 goblins (D:1)
  3 hobgoblins (D:1)
  2 jackals (D:1)
  A kobold (D:1)
  A quokka (D:1)
  A ball python (D:1)
  3 bats (D:1)
  4 frilled lizards (D:1)
  8 rats (D:1)
39 creatures vanquished.

Notes
Turn   | Place    | Note
-------+----------+-------------------------------------------
     0 | D:1      | HallandMoats the Demonspawn Fighter began the quest for the
                  | Orb.
     0 | D:1      | Reached XP level 1. HP: 18/18 MP: 1/1
     1 | D:1      | Found a runed translucent door.
     2 | D:1      | Noticed a jelly
    97 | D:1      | Reached skill level 1 in Invocations
   278 | D:1      | Gained mutation: You are partially covered in slimy green
                  | scales. (AC +2) [demonic ancestry]
   278 | D:1      | Reached XP level 2. HP: 8/24 MP: 2/2
  1456 | D:1      | Reached XP level 3. HP: 24/29 MP: 4/4
  1799 | D:1      | HP: 1/29 [acid (11)]
  1801 | D:1      | Reached skill level 1 in Dodging
  1802 | D:1      | Gained mutation: You have a small tail. [demonic ancestry]
  1802 | D:1      | Reached XP level 4. HP: 1/35 MP: 5/5
  1807 | D:1      | HP: 1/35 [jackal (1)]
  1809 | D:1      | Slain by a jackal

Illustrated notes

Levels and vault maps discovered:
D:1:      dpeg_arrival_caged_fury, layout_loops_cross, serial_co_window_serial,
          co_window_paths_b, co_window_of_opportunity_a, co_window_paths_a,
          co_window_paths_b, co_window_of_opportunity_a,
          co_window_of_opportunity_b, co_window_corner_b, co_window_corner_b,
          co_window_cross_4, co_window_corner_b, co_window_broadway_a,
          co_window_sun, glass_columns_a, kennysheep_pointless_box,
          minmay_misc_feat_tiny

Skill      XL: |  1  2  3 |
---------------+----------+-----
Invocations    | 1 2 |  2.4
Axes           | 2 |  2.1
Armour         | 3 |  3.1
Dodging        | 1 |  1.1
Fighting       | |  3.3
Shields        | |  2.9

Action                   |  1- 3 |  4- 6 || total
-------------------------+-------+-------++-------
Melee: War axe           |    97 |     7 ||   104
       Tailslap          |       |     1 ||     1
  Use: Potion            |     1 |       ||     1
Armor: Scale mail        |    67 |     3 ||    70
Dodge: Dodged            |    70 |     5 ||    75
Block: Buckler           |    29 |     2 ||    31

Table legend: (Time is in decaauts)
 A = Elapsed time spent in this place.
 B = Non-inter-level travel time spent in this place.
 C = Inter-level travel time spent in this place.
 D = Time resting spent in this place.
 E = Time spent auto-exploring this place.
 F = Levels seen in this place.
 G = Mean time per level.
                   A        B        C        D        E       F      G
               +--------+--------+--------+--------+--------+-----+--------+
         Total |   1853 |   1853 |      0 |    477 |   1081 |   1 | 1853.0 |
       Dungeon |   1853 |   1853 |      0 |    477 |   1081 |   1 | 1853.0 |
               +--------+--------+--------+--------+--------+-----+--------+

Top non-repeatable levels by time:
     D:1: 1853 daAuts
